 Dungeon Crawl Stone Soup version 0.30.1-5-ged363bc7ee (webtiles) character file.

Game seed: 6400808703859646762

1474 Kurtz the Cleaver (level 8, -3/45 (46) HPs)
             Began as a Tengu Fighter on Sept 19, 2023.
             Was a Believer of Okawaru.
             Slain by Edmund
             ... wielding a +2 flail of draining
              (8 damage)
             ... on level 5 of the Dungeon.
             The game lasted 00:05:32 (4300 turns).

Kurtz the Cleaver (Tengu Fighter)                   Turns: 4300, Time: 00:05:34

HP:   -3/45 (46)    AC:  2    Str: 24    XL:     8   Next: 78%
MP:   19/19         EV: 10    Int:  8    God:    Okawaru [**....]
Gold: 124           SH:  4    Dex: 13    Spells: 7/7 levels left

rFire   + . .        o - +5 whip "Kopsazogh" {freeze, Fly rPois rF+}
rCold   . . .        c - +0 buckler
rNeg    . . .        i - +0 chain mail
rPois   +            (helmet restricted)
rElec   +            t - +0 cloak
rCorr   .            (no gloves)
SInv    .            (boots unavailable)
Will    +....        (no amulet) Stlth
                     f - ring of willpower
HPRegen 0.27/turn    x - ring "Wety" {rElec MP+9 Str+4}
MPRegen 0.16/turn

%: no passive effects
@: corroded, flying quickly and evasively, lightly drained, quick
A: beak, talons 3, nimble flight
a: Renounce Religion, Heroism


You were on level 5 of the Dungeon.
You worshipped Okawaru.
Okawaru was pleased with you.
You visited 2 branches of the dungeon, and saw 8 of its levels.

You collected 296 gold pieces.
You spent 172 gold pieces at shops.

Inventory:

Hand Weapons
 a - a +0 war axe
 o - the +5 whip "Kopsazogh" (weapon) {freeze, Fly rPois rF+}
   (You bought it in a shop on level 5 of the Dungeon)

   rF:        It protects you from fire.
   rPois:     It protects you from poison.
   Fly:       It grants you flight.
 r - a +1 whip of electrocution
Missiles
 l - 8 poisoned darts (quivered)
 q - a throwing net
Armour
 c - a +0 buckler (worn)
 i - a +0 chain mail (worn)
 t - a +0 cloak (worn)
Jewellery
 f - a ring of willpower (left hand)
 j - a ring of protection from cold
 x - the ring "Wety" (right hand) {rElec MP+9 Str+4}
   (You found it on level 7 of the Dungeon)

   [ring of magical power]

   Str:       It affects your strength (+4).
   rElec:     It insulates you from electricity.
   MP:        It affects your magic capacity (+9).
Wands
 w - a wand of flame (4)
 y - a wand of paralysis (1)
Scrolls
 b - a scroll of enchant armour
 e - 6 scrolls of teleportation
 g - a scroll of identify
 k - 4 scrolls of amnesia
 n - a scroll of vulnerability
Potions
 d - a potion of berserk rage
 h - a potion of resistance
 m - a potion of haste {unknown}
 p - 2 potions of attraction {unknown}
 s - 2 potions of curing
 u - 2 potions of magic {unknown}
 v - a potion of heal wounds {unknown}
 z - a potion of cancellation {unknown}


   Skills:
 - Level 3.0 Fighting
 * Level 11.2 Axes
 - Level 3.2 Armour
 * Level 2.1 Dodging
 - Level 3.0 Shields
 * Level 1.6 Invocations


You had 7 spell levels left.
You didn't know any spells.
Your spell library contained the following spells:

 Spells                   Type           Power      Damage    Failure   Level
 Slow                     Hex            0%         N/A       96%         1
 Lesser Beckoning         Tloc           0%         N/A       99%         2
 Gell's Gravitas          Tloc           0%         N/A       100%        3
 Teleport Other           Tloc           0%         N/A       100%        3


Dungeon Overview and Level Annotations

Branches:
Dungeon (7/15)             Temple (1/1) D:7

Altars:
Ashenzari
Dithmenos
Elyvilon
Fedhas
Hepliaklqana
Makhleb
Nemelex Xobeh
Okawaru
Qazlal
Trog
Uskayaw
Vehumet
Wu Jian
Xom
Yredelemnul
Zin
The Shining One

Shops:
D:2 [   D:5 ?(   D:6 [

Annotations:
D:2 1 runed translucent door, Crazy Yiuf
D:5 Edmund
D:6 Dowan
D:7 1 runed translucent door, cdecastro's ghost, amateur AtWr


Innate Abilities, Weirdness & Mutations

You have a beak for a mouth.
You have claws for feet.
Your magical nature lets you fly swiftly and evasively.


Message History

The helpless Grinder fails to defend herself.
You whack Grinder!
Grinder is severely wounded.
The helpless Grinder fails to defend herself.
You whack Grinder! You claw Grinder.
You kill Grinder!
Okawaru is honoured by your kill. The jelly hits you.
You are splashed with acid!
Your Axes skill increases to level 11!
Your Dodging skill increases to level 2!
You hit the jelly. You freeze the jelly.
Your hands burn!
You peck the jelly, but do no damage.
The jelly is moderately wounded.
The jelly hits you.
You are splashed with acid.
You barely miss the jelly.
The jelly is moderately wounded.
The jelly hits you. The acid corrodes you!
You are splashed with acid!
You are too injured to fight recklessly!
You are too injured to fight recklessly!
You are too injured to fight recklessly!
You are too injured to fight recklessly!
You hit the jelly. You freeze the jelly.
Your hands burn!
* * * LOW HITPOINT WARNING * * *
The jelly is heavily wounded.
The jelly closely misses you.
You hit the jelly but do no damage. The acid corrodes you!
Your hands burn!
* * * LOW HITPOINT WARNING * * *
Your kick misses the jelly. You peck the jelly, but do no damage.
The jelly is heavily wounded.
You block the jelly's attack.
There is an open door here.
There is a stone staircase leading up here.
You fly upwards.
Level annotation: Edmund Edmund hits you with a +2 flail of draining.
* * * LOW HITPOINT WARNING * * *
You feel drained.
* * * LOW HITPOINT WARNING * * *
Edmund hits you with a +2 flail of draining!
You die...

♣♣♣♣♣#.....>......
######..###....#
#...##..###....#
................
................#..
.....
#..###..####+####.#
....# #.
###.[##....###.###
###....# .
+...........+....
#.......
#.........@@#... ... ...
###+###....##..# #.# ..#
###....##..#######o##@.#
#.......#......o....'...
#.......'...o.o....)#...
##.##..###..######.##.##
#.###'###### #.# .#
..+.....# #.. ..
#..#.....# #.....


You could see Edmund.

Vanquished Creatures
  Pikel (D:6)
  Grinder (D:6)
  Sigmund (D:6)
  An ogre (D:6)
  2 centaurs
  A lemure (D:6)
  2 scorpions
  2 howler monkeys (D:7)
  A hound (D:5)
  Jessica (D:2)
  6 adders
  3 gnolls (D:2)
  2 shadow imps
  5 dart slugs
  12 orcs
  A ball python (D:2)
  3 endoplasms
  A giant cockroach (D:4)
  5 goblins
  15 hobgoblins
  3 quokkas (D:2)
  4 bats
  3 frilled lizards
  4 kobolds
  4 rats
84 creatures vanquished.

Notes
Turn   | Place    | Note
-------+----------+-------------------------------------------
     0 | D:1      | Kurtz the Tengu Fighter began the quest for the Orb.
     0 | D:1      | Reached XP level 1. HP: 14/14 MP: 2/2
   115 | D:1      | Reached skill level 3 in Axes
   115 | D:1      | Reached XP level 2. HP: 19/19 MP: 3/3
   521 | D:2      | Found a sparkling altar of Nemelex Xobeh.
   578 | D:2      | Reached XP level 3. HP: 15/23 MP: 4/4
   586 | D:2      | Reached skill level 4 in Axes
   817 | D:2      | Noticed an animated shadow dragon scales
   832 | D:2      | Reached XP level 4. HP: 21/28 MP: 5/5
   913 | D:2      | Found Fostot's Armour Emporium.
   915 | D:2      | Noticed an animated plate armour
  1145 | D:2      | Noticed Jessica
  1152 | D:2      | Killed Jessica
  1153 | D:2      | Reached skill level 5 in Axes
  1164 | D:2      | Got Jessica's Secrets of Hexes
  1320 | D:2      | Found a runed translucent door.
  1321 | D:2      | Noticed Crazy Yiuf
  1424 | D:3      | Found a bloodstained altar of Trog.
  1673 | D:3      | Identified the +1 robe of Dyspraxia {Str-3 Int+5 Archmagi}
  1897 | D:3      | Gained mutation: Your magical nature lets you fly swiftly
                  | and evasively. [Tengu growth]
  1897 | D:3      | Reached XP level 5. HP: 27/32 MP: 6/6
  2437 | D:4      | Reached skill level 6 in Axes
  2928 | D:4      | Reached XP level 6. HP: 37/37 MP: 7/7
  2943 | D:4      | Found a glowing silver altar of Zin.
  2945 | D:4      | Found a glowing golden altar of the Shining One.
  2946 | D:4      | Found a white marble altar of Elyvilon.
  3168 | D:4      | Found an ornate altar of the Wu Jian Council.
  3169 | D:4      | Found a hide-covered altar of Uskayaw.
  3203 | D:5      | Entered Level 5 of the Dungeon
  3211 | D:5      | Reached skill level 7 in Axes
  3241 | D:5      | Found Zephoc's Magic Scroll Shoppe.
  3242 | D:5      | Found Joarchith's Antique Weapon Boutique.
  3267 | D:5      | Bought a smoking whip for 172 gold pieces
  3267 | D:5      | Identified the +5 whip "Kopsazogh" {freeze, Fly rPois rF+}
                  | (You bought it in a shop on level 5 of the Dungeon)
  3324 | D:5      | Noticed Edmund
  3444 | D:6      | Found Lanueb's Antique Armour Shoppe.
  3459 | D:6      | Reached skill level 8 in Axes
  3459 | D:6      | Reached XP level 7. HP: 17/41 MP: 8/8
  3564 | D:6      | Noticed Sigmund
  3612 | D:6      | Killed Sigmund
  3613 | D:6      | Reached skill level 9 in Axes
  3673 | D:6      | Noticed Dowan
  3730 | D:7      | Found a runed translucent door.
  3731 | D:7      | Found a shimmering altar of Xom.
  3731 | D:7      | Noticed cdecastro's ghost (amateur AtWr)
  3732 | D:7      | Noticed a +1 rapier of chaos
  3825 | D:7      | Found a staircase to the Ecumenical Temple.
  3835 | Temple   | Entered the Ecumenical Temple
  3864 | Temple   | Became a worshipper of Warmaster Okawaru
  3978 | D:7      | Identified the ring "Wety" {rElec MP+9 Str+4}
  3998 | D:6      | Noticed Pikel
  4012 | D:6      | Killed Pikel
  4012 | D:6      | Reached * piety under Okawaru
  4013 | D:6      | Reached skill level 10 in Axes
  4013 | D:6      | Reached skill level 1 in Dodging
  4013 | D:6      | Reached skill level 1 in Invocations
  4013 | D:6      | Reached XP level 8. HP: 23/46 MP: 9/9
  4273 | D:6      | Noticed Grinder
  4284 | D:6      | Killed Grinder
  4284 | D:6      | Reached ** piety under Okawaru
  4285 | D:6      | Reached skill level 11 in Axes
  4300 | D:5      | Slain by Edmund

Illustrated notes

Levels and vault maps discovered:
D:1:      sevenhm_arrival_forest_fort_small_3, layout_basic
D:2:      layout_basic, basic_altar, serial_shops, nicolae_shop_mannequins,
          kennysheep_jessica_study, uniq_crazy_yiuf_cottage
D:3:      layout_basic, overflow_temple_1_default
D:4:      layout_basic, good_gods_temple_1, mainiacjoe_overflow_divided_tiny
D:5:      layout_gridville, mainiacjoe_overflow_alcove_4,
          nicolae_gozag_seed_capital, nicolae_wooded_promenade,
          uniq_blork_the_orc, uniq_edmund
D:6:      layout_gridville, serial_shops, nicolae_shop_advertising_works
          [nicolae_subvault_shop_adworks], uniq_eustachio, uniq_duvessa,
          uniq_pikel, uniq_grinder, uniq_sigmund
D:7:      layout_loops_ring, minmay_temple_entry_junction, ebering_ghost_xom,
          minivault_22
Temple:   eino_wide_crystal_templ

Skill      XL: |  1  2  3  4  5  6  7  8 |
---------------+-------------------------+-----
Axes           | 3 4 5 6 8 10 11 | 11.2
Dodging        | 1 2 |  2.1
Invocations    | 1 |  1.6
Fighting       | |  3.0
Armour         | |  3.2
Shields        | |  3.0

Action                     |  1- 3 |  4- 6 |  7- 9 || total
---------------------------+-------+-------+-------++-------
  Melee: War axe           |    59 |    89 |       ||   148
         Kick              |     9 |    23 |    11 ||    43
         Peck              |     5 |    20 |    11 ||    36
         Whip              |       |    51 |    48 ||    99
  Evoke: Wand              |       |       |     4 ||     4
    Use: Scroll            |       |       |     7 ||     7
         Potion            |       |       |     1 ||     1
   Stab: Paralysed         |       |       |     5 ||     5
 Armour: Scale mail        |    25 |     3 |       ||    28
         Chain mail        |       |    70 |    11 ||    81
  Dodge: Dodged            |    26 |    62 |    11 ||    99
  Block: Buckler           |    16 |    34 |     7 ||    57
